 Dungeon Sprint DCSS version 0.30-a0-50-gb2d611f6b1 (webtiles) character file.

Game seed: 12321603570139396476

722 rocky1 the Fighter (level 7, -6/92 HPs)
             Began as an Ogre Cinder Acolyte on Sept 5, 2022.
             Was an Elder of Ignis.
             Mangled by an ogre
             ... wielding a +0 giant club
             ... led by an orc high priest
              (29 damage)
             ... in the Dungeon (Sprint VII: "The Pits").
             The game lasted 00:05:45 (1760 turns).

rocky1 the Fighter (Ogre Cinder Acolyte)            Turns: 1760, Time: 00:05:45

Health: -6/92      AC:  3    Str: 21    XL:     7   Next: 71%
Magic:  8/8        EV:  1    Int: 15    God:    Ignis [****..]
Gold:   0          SH:  0    Dex: -1 (4) Spells: 8/8 levels left

rFire   + . .      SeeInvis .    m - +0 mace (vorpal)
rCold   . . .      Faith    .    (no shield)
rNeg    . . .      Spirit   .    b - +0 robe
rPois   .          Reflect  .    (helmet restricted)
rElec   .          Harm     .    (no cloak)
rCorr   .          Rampage  .    (gloves unavailable)
Will    .....      NoTele   +    (boots unavailable)
Stlth   ..........               (no amulet)
HPRegen 0.25/turn                (no ring)
MPRegen 0.11/turn                (no ring)

@: slowed, lost dexterity, very slow
A: large, unfitting armour, tough skin 1
a: Renounce Religion, Fiery Armour, Foxfire Swarm, Rising Flame


You were in the Dungeon.
You worshipped Ignis.
Ignis was greatly pleased with you.
You visited 1 branch

Inventory:

Hand Weapons
 a - a -1 mace of flaming
 l - a +1 hand axe of freezing
 m - a +0 vorpal mace (weapon)
Armour
 b - a +0 robe (worn)
Scrolls
 h - a scroll of blinking
 j - 5 scrolls of amnesia
 k - a scroll of summoning
Potions
 c - 5 potions of curing
 d - 3 potions of heal wounds
 e - a potion of haste
 f - 4 potions of magic
 g - a potion of berserk rage
 i - 2 potions of invisibility


   Skills:
 + Level 12.8 Fighting
 + Level 9.1 Maces & Flails
 + Level 8.6 Dodging
 - Level 1.2 Spellcasting
 - Level 2.8 Fire Magic


You had 8 spell levels left.
You didn't know any spells.
Your spell library contained the following spells:

 Spells                   Type           Power      Damage    Failure   Level
 Scorch                   Fire           18%        2d6       12%         2


Dungeon Overview and Level Annotations

Branches:
Dungeon (1/1)

Altars:


Innate Abilities, Weirdness & Mutations

You are too large for most types of armour.
You have tough skin. (AC +1)


Message History

The kobold brigand is burned by your cloak of flames.
You kill the kobold brigand!
You feel your dexterity returning.
You feel better.
Things that are here:
a +1 dagger of venom; 3 poisoned darts You start resting.
Your fiery armour burns out.
You start resting.
HP restored.
You start waiting.
Done waiting.
You start waiting.
Done waiting.
Things that are here:
a +1 dagger of venom; 3 poisoned darts
There is an open door, spattered with blood here.
You open the door.
A water moccasin, a smoke demon, 5 orcs and an ogre come into view.
The water moccasin hisses angrily.
The smoke demon roars!
The orc high priest shouts!
The orc wizard shouts!
The orc shouts! x2
The orc warrior shouts!
You hear a shout!
An orc comes into view.
It is wielding a +0 dagger and wearing a +1 chain mail of cold resistance.
The orc high priest mumbles some strange prayers to Beogh.
The ogre hits you with a +0 giant club!!
The smoke demon gestures at you. Something smites you!
The orc moves out of view.
Unknown command.
Unknown command.
The ogre hits you with a +0 giant club!!
* * * LOW HITPOINT WARNING * * *
There is an open door, spattered with blood here.
Things that are here:
a +1 dagger of venom; 3 poisoned darts The ogre attacks as you move away!
The ogre hits you with a +0 giant club!!
* * * LOW HITPOINT WARNING * * *
You feel much better.
The ogre hits you with a +0 giant club!!
You die...

#.#).†).#).##.......#
#.##)####))##.......#
#.#.))..#..##.......#
#.#.....#'###...<...#
#)#........##.......#
#.#........##.......#
#)###########.......#
#)......#..##########
#..###..#@# ###
#.......#O# ...#
##.###.##S#....#
#.......#oo.o3.+
#..###..#'#.4..#
#.......'.#.o..#
########### ####


You could see an orc high priest, an orc warrior, a water moccasin and an ogre.

Vanquished Creatures
  A small abomination (D)
  Menkaure (D)
  An orc warrior (D)
  An ogre (D)
  A kobold brigand (D)
  A quasit (D)
  An orc priest (D)
  A gnoll bouda (D)
  An iron imp (D)
  2 orc wizards (D)
  4 gnolls (D)
  3 adders (D)
  A river rat (D)
  A bat (D)
  An endoplasm (D)
  2 giant cockroaches (D)
  A goblin (D)
  A ball python skeleton (D)
  A ball python zombie (D)
  2 rats (D)
28 creatures vanquished.

Notes
Turn   | Place    | Note
-------+----------+-------------------------------------------
     0 | D        | rocky1 the Ogre Cinder Acolyte began the quest for the Orb.
     0 | D        | Reached XP level 1. HP: 24/24 MP: 2/2
    58 | D        | Reached skill level 5 in Fighting
    58 | D        | Reached skill level 1 in Dodging
    58 | D        | Reached XP level 2. HP: 17/35 MP: 3/3
   481 | D        | Noticed an orc warrior
   484 | D        | Reached skill level 6 in Fighting
   484 | D        | Reached XP level 3. HP: 38/45 MP: 4/4
   488 | D        | Reached skill level 7 in Fighting
   488 | D        | Reached XP level 4. HP: 55/55 MP: 5/5
   491 | D        | Killed an orc warrior
   492 | D        | Reached skill level 8 in Fighting
   492 | D        | Reached skill level 5 in Dodging
   492 | D        | Reached XP level 5. HP: 66/66 MP: 6/6
   494 | D        | Reached skill level 9 in Fighting
   749 | D        | Noticed an ogre
   763 | D        | Killed an ogre
   764 | D        | Reached skill level 10 in Fighting
   764 | D        | Reached XP level 6. HP: 79/79 MP: 7/7
   777 | D        | Reached skill level 11 in Fighting
  1047 | D        | Noticed a small abomination
  1058 | D        | Killed a small abomination
  1059 | D        | Reached XP level 7. HP: 16/89 MP: 8/8
  1365 | D        | Noticed Menkaure
  1372 | D        | Killed Menkaure
  1373 | D        | Reached skill level 12 in Fighting
  1384 | D        | Lost dexterity.
  1756 | D        | Noticed a smoke demon
  1756 | D        | Noticed an orc high priest
  1757 | D        | Noticed a rust devil
  1759 | D        | HP: 3/92 [ogre/+0 giant club[an orc high priest] (21)]
  1760 | D        | Mangled by an ogre

Illustrated notes

Levels and vault maps discovered:
D:        pitsprint [storerooms_1, entrance_room_1, metal_vault_3, armoury_3,
          mini_pit_1, grid_room_1, main_hall_1, silver_pit, the_coven_3,
          the_vestibule_1, steel_vault_3, golden_pit, hallway_of_sentries,
          crystal_vault_4, iron_vault_4, final_vault]

Skill      XL: |  1  2  3  4  5  6  7 |
---------------+----------------------+-----
Maces & Flails | 3 4 6 7 8 9 |  9.1
Fighting       | 5 6 7 8 10 11 12 | 12.8
Dodging        | 1 3 5 6 7 8 |  8.6
Spellcasting   | |  1.2
Fire Magic     | |  2.8

Action                   |  1- 3 |  4- 6 |  7- 9 || total
-------------------------+-------+-------+-------++-------
Melee: Mace              |    36 |    53 |    22 ||   111
Invok: Fiery Armour      |     1 |     1 |     1 ||     3
  Use: Potion            |     1 |     1 |     4 ||     6
Armor: Robe              |    12 |    16 |    24 ||    52
Dodge: Dodged            |    16 |    23 |    17 ||    56

Table legend: (Time is in decaauts)
 A = Elapsed time spent in this place.
 B = Non-inter-level travel time spent in this place.
 C = Inter-level travel time spent in this place.
 D = Time resting spent in this place.
 E = Time spent auto-exploring this place.
 F = Levels seen in this place.
 G = Mean time per level.
                   A        B        C        D        E       F      G
               +--------+--------+--------+--------+--------+-----+--------+
         Total |   1976 |   1956 |     20 |   1679 |      0 |   1 | 1976.0 |
       Dungeon |   1976 |   1956 |     20 |   1679 |      0 |   1 | 1976.0 |
               +--------+--------+--------+--------+--------+-----+--------+

Top non-repeatable levels by time:
       D: 1976 daAuts
